 Dungeon Crawl Stone Soup version 0.29-a0-902-g0f71de6fce (webtiles) character file.

Game seed: 8012993213518865459

437053 dinky3 the Warrior (level 22, 143/143 HPs)
             Began as a Vampire Ice Elementalist on Oct 9, 2021.
             Was an Initiate of Yredelemnul.
             Quit the game on level 15 of the Dungeon on Jan 19, 2023.
             The game lasted 03:46:15 (62754 turns).

dinky3 the Warrior (Vampire Ice Elementalist)      Turns: 62754, Time: 03:46:16

Health: 143/143    AC: 32    Str: 10    XL:     22   Next: 95%
Magic:  36/37      EV: 16    Int: 26    God:    Yredelemnul [......]
Gold:   2371       SH: 13    Dex: 17    Spells: 5/43 levels left

rFire   + . .      SeeInvis +   B - +8 autumn katana {vorpal, manifold assault}
rCold   + + +      Faith    +   H - +0 kite shield {AC+3}
rNeg    + + +      Spirit   .   K - +5 ring mail {rC+}
rPois   ∞          Reflect  .   A - +2 hat {Will+}
rElec   +          Harm     .   P - +2 cloak
rCorr   .          Rampage  .   v - +1 pair of gloves "Jiawesh" {rElec rN+ Will+ Int+4}
Will    ++++.                   M - +2 pair of boots
Stlth   ++++++....              C - amulet of faith
HPRegen 0.33/turn               w - +4 ring of protection
MPRegen 0.25/turn               L - ring of protection from fire

@: bloodless
A: bloodless, fangs 3, see invisible, vampiric 2, hooves 2, iridescent scales 1
}: 2/15 runes: decaying, gossamer
a: Bat Form, Revivify, Renounce Religion, Recall Undead Harvest


You were on level 15 of the Dungeon.
You worshipped Yredelemnul.
Yredelemnul was pleased with you.
You visited 10 branches of the dungeon, and saw 45 of its levels.
You visited 1 bazaar.
You also visited: Ossuary, Gauntlet, Ice Cave and Wizlab.

You collected 7368 gold pieces.
You spent 4997 gold pieces at shops.

Inventory:

Hand Weapons
 B - the +8 autumn katana (weapon) {vorpal, manifold assault}
   (You bought it in a shop on level 2 of the Orcish Mines)

   It sometimes launches melee attacks against multiple visible enemies.
 G - the +10 broad axe of Nemelex Xobeh's Whim {vorpal, rN+ Str-2 Int+5 Stlth+}
   (You took it off a deep elf zephyrmancer on level 3 of the Elven Halls)

   It inflicts extra damage upon your enemies.
   Str:       It affects your strength (-2).
   Int:       It affects your intelligence (+5).
   rN:        It protects you from negative energy.
   Stlth:     It makes you more stealthy.
Missiles
 l - a throwing net
 p - 14 curare-tipped darts
Armour
 v - the +1 pair of gloves "Jiawesh" (worn) {rElec rN+ Will+ Int+4}
   (You bought it in a shop in a bazaar)

   Int:       It affects your intelligence (+4).
   rElec:     It insulates you from electricity.
   rN:        It protects you from negative energy.
   Will:      It increases your willpower.
 A - a +2 hat of willpower (worn)
 H - a +0 kite shield of protection (worn)
 K - a +5 ring mail of cold resistance (worn)
 M - a +2 pair of boots (worn)
 P - a +2 cloak (worn)
Jewellery
 a - a ring of protection from fire
 i - an amulet of regeneration
 w - a +4 ring of protection (left hand)
 y - the ring "Maosuaf" {rN+ rCorr Str+6}
   (You acquired it on level 7 of the Dungeon)

   [ring of strength]

   Str:       It affects your strength (+6).
   rN:        It protects you from negative energy.
   rCorr:     It protects you from acid and corrosion.
 C - an amulet of faith (around neck)
 L - a ring of protection from fire (right hand)
Wands
 b - a wand of polymorph (11)
 g - a wand of iceblast (15)
 R - a wand of charming (7)
 S - a wand of flame (93)
 W - a wand of roots (5)
 Z - a wand of digging (17)
Scrolls
 c - 7 scrolls of butterflies
 j - 8 scrolls of fear
 m - 7 scrolls of teleportation
 n - 5 scrolls of torment
 q - 4 scrolls of blinking
 D - 3 scrolls of summoning
 E - 9 scrolls of vulnerability
 I - a scroll of enchant weapon
 N - 4 scrolls of immolation
 O - 2 scrolls of magic mapping
 X - 7 scrolls of silence
Potions
 d - 5 potions of magic
 e - 8 potions of flight
 f - 4 potions of mutation
 h - 3 potions of ambrosia
 k - 5 potions of invisibility
 o - 3 potions of resistance
 r - 13 potions of curing
 s - 6 potions of berserk rage
 t - 5 potions of lignification
 u - 2 potions of haste
 x - 5 potions of might
 F - 2 potions of cancellation
 Q - a potion of heal wounds
 T - 8 potions of brilliance
 U - 3 potions of attraction
Miscellaneous
 z - a lightning rod (4/4)
 J - a box of beasts
 V - a phial of floods
 Y - a tin of tremorstones (2/2)


   Skills:
 + Level 16.4 Fighting
 - Level 12.0 Long Blades
 - Level 9.1 Axes
 - Level 10.6 Armour
 - Level 13.8 Dodging
 - Level 10.6 Stealth
 - Level 13.8 Shields
 - Level 11.2 Spellcasting
 - Level 2.9 Conjurations
 - Level 7.6 Necromancy
 - Level 12.0 Translocations
 - Level 10.0 Ice Magic
 + Level 14.2 Invocations
 - Level 10.0 Evocations


You had 5 spell levels left.
You knew the following spells:

 Your Spells              Type           Power      Damage    Failure   Level
a - Freeze                Ice            100%       1d11      1%          1
b - Frozen Ramparts       Ice            100%       1d12      1%          3
c - Ozocubu's Armour      Ice            61%        N/A       1%          3
d - Hailstorm             Conj/Ice       48%        3d11      11%         4
e - Confusing Touch       Hex            14%        N/A       43%         3
f - Airstrike             Air            7%         0-3+      85%         4
g - Vampiric Draining     Necr           52%        2d9       2%          3
h - Lesser Beckoning      Tloc           67%        N/A       1%          3
i - Summon Guardian Gole  Hex/Summ       14%        N/A       43%         3
j - Manifold Assault      Tloc           67%        N/A       3%          5
k - Blink                 Tloc           100%       N/A       1%          2
x - Dispel Undead         Necr           52%        3d19      7%          4

Your spell library contained the following spells:

 Spells                   Type           Power      Damage    Failure   Level
 Gell's Gravitas          Tloc           67%        N/A       1%          3
 Teleport Other           Tloc           67%        N/A       1%          3
 Magic Dart               Conj           100%       1d8       4%          1
 Portal Projectile        Hex/Tloc       90%        N/A       4%          3
 Searing Ray              Conj           60%        2d6       7%          2
 Iskenderun's Mystic Bla  Conj/Tloc      52%        2d11      8%          4
 Foxfire                  Conj/Fire      88%        2x1d8     9%          1
 Shock                    Conj/Air       88%        1d8       9%          1
 Static Discharge         Conj/Air       22%        3-6/arc   13%         2
 Beastly Appendage        Tmut           28%        N/A       16%         1
 Slow                     Hex            56%        N/A       16%         1
 Summon Small Mammal      Summ           56%        N/A       16%         1
 Ice Form                 Ice/Tmut       40%        N/A       21%         4
 Summon Ice Beast         Ice/Summ       40%        N/A       21%         4
 Call Imp                 Summ           14%        N/A       24%         2
 Scorch                   Fire           28%        2d6       24%         2
 Wereblood                Tmut           14%        N/A       24%         2
 Conjure Flame            Conj/Fire      22%        6-21      26%         3
 Stone Arrow              Conj/Erth      44%        3d9       26%         3
 Mephitic Cloud           Conj/Pois/Air  19%        N/A       32%         3
 Call Canine Familiar     Summ           14%        N/A       43%         3
 Ignite Poison            Fire/Tmut/Pois 14%        N/A       43%         3
 Inner Flame              Hex/Fire       14%        N/A       43%         3
 Spider Form              Tmut/Pois      14%        N/A       43%         3
 Swiftness                Air            14%        N/A       43%         3
 Corpse Rot               Necr/Pois/Air  27%        N/A       50%         4
 Metabolic Englaciation   Hex/Ice        20%        N/A       50%         5
 Freezing Cloud           Conj/Ice/Air   18%        6-21      58%         5
 Flame Wave               Conj/Fire      22%        2d7       65%         4
 Fulminant Prism          Conj/Hex       11%        3d9       65%         4
 Sticky Flame             Conj/Fire      22%        2d4       65%         4
 Iskenderun's Battlesphe  Conj           30%        2d8       78%         5
 Leda's Liquefaction      Hex/Erth       7%         N/A       85%         4
 Olgreb's Toxic Radiance  Pois           14%        N/A       85%         4
 Petrify                  Tmut/Erth      14%        N/A       85%         4
 Summon Lightning Spire   Summ/Air       14%        N/A       85%         4
 Fireball                 Conj/Fire      11%        3d7       94%         5
 Lightning Bolt           Conj/Air       11%        1d24      94%         5
 Blade Hands              Tmut           7%         N/A       99%         5
 Lee's Rapid Deconstruct  Erth           7%         3d7*      99%         5
 Dispersal                Tloc           33%        N/A       19%         6
 Ozocubu's Refrigeration  Ice            30%        4d11      92%         7
 Conjure Ball Lightning   Conj/Air       11%        3x3d6     100%        6
 Eringya's Noxious Bog    Tmut/Pois      7%         N/A       100%        6
 Iron Shot                Conj/Erth      11%        9d3       100%        6
 Statue Form              Tmut/Erth      9%         N/A       100%        6
 Summon Cactus Giant      Summ           7%         N/A       100%        6
 Haunt                    Necr/Summ      17%        N/A       100%        7
 Orb of Destruction       Conj           15%        9d7       100%        7
 Spellforged Servitor     Conj/Summ      11%        N/A       100%        7
 Disjunction              Tloc           33%        N/A       100%        8
 Ignition                 Fire           7%         3d4       100%        8
 Infestation              Necr           26%        N/A       100%        8
 Chain Lightning          Conj/Air       11%        3d14      100%        9
 Fire Storm               Conj/Fire      11%        8d3       100%        9
 Shatter                  Erth           7%         3d9*      100%        9
 Animate Dead             Necr           Unusable   N/A       N/A         4
 Simulacrum               Ice/Necr       Unusable   N/A       N/A         6
 Death Channel            Necr           Unusable   N/A       N/A         6

Dungeon Overview and Level Annotations

Branches:
Dungeon (15/15) Zot: 21472  Temple (1/1) D:4 Zot: 5797    Lair (6/6) D:9 Zot: 24029
  Swamp (4/4) Lair:2 Zot: 21526  Spider (4/4) Lair:4 Zot: 19132   Slime (1/5) Lair:5 Zot: 5750
    Orc (2/2) D:11 Zot: 8920     Elf (3/3) Orc:2 Zot: 12780  Vaults (5/5) D:14 Zot: 23176
  Crypt (0/3) Vaults:2     Depths (4/4) D:15 Zot: 13954 Ossuary (visited)
  IceCv (visited)          WizLab (visited)         Gauntlet (visited)
    Zot: Depths:4

Altars:
Ashenzari
Cheibriados
Dithmenos
Fedhas
Gozag
Hepliaklqana
Kikubaaqudgha
Makhleb
Nemelex Xobeh
Okawaru
Qazlal
Ru
Sif Muna
Trog
Uskayaw
Vehumet
Wu Jian
Xom
Yredelemnul
Lugonu

Shops:
D:9 =   D:11 *   Orc:1 (   Orc:2 [*(:   Elf:1 :   Elf:2 :(   Elf:3 *
Vaults:1 :   Depths:1 [?

Portals:
Hell: Depths:1 Depths:2 Depths:3 Depths:4
Abyss: Lair:6 Depths:3
Pandemonium: Depths:2 Depths:4
Ziggurat: Depths:3

Annotations:
D:12 exclusions: death knight, phantasmal warrior, skeletal warrior and wraith
D:15 3 runed translucent doors, 2 exclusions
Swamp:1 Donald
Swamp:3 exclusion: downstairs
Elf:3 1 exclusion
Vaults:2 exclusion: orange crystal statue
Vaults:3 5 transporters, exclusion: upstairs
Vaults:4 1 exclusion
Depths:3 exclusions: downstairs, floating eye, shining eye and 3 more exclusions
Depths:4 Parghit


Innate Abilities, Weirdness & Mutations

You do not regenerate when monsters are visible.
You are frail without blood (-20% HP).
You can heal yourself when you bite living creatures.
You are immune to poison.
You have razor-sharp teeth.
You have supernaturally acute eyesight. (SInv)
You are afflicted with vampirism and can become a bat while bloodless.
You have hoof-like feet.
You are partially covered in iridescent scales. (AC +2)


Message History

No target in view!
No target in view!
No target in view!
No target in view!
No target in view!
No target in view!
No target in view!
No target in view!
There is an open translucent gate here.
g - a wand of iceblast (15) (gained 5 charges)
You see here a scroll of identify.
You now have 2345 gold pieces (gained 18).
Your pack is full.
Things that are here:
a throwing net; a +0 leather armour You now have 2371 gold pieces (gained 26).
Your pack is full.
Things that are here:
a throwing net; a +0 leather armour You drop the ring of Peace {Fly Str+6}.
l - a throwing net You see here a +0 leather armour.
Okay, then.
Unknown command.
Okay, then.
Unknown command.
Unknown command.
You see here the ring of Peace {Fly Str+6}.
There is an open translucent gate here.
Okay, then.
You begin bloodletting.
You continue bloodletting. x5
HP restored.
You become bloodless.
Okay, then.
Okay, then.
Unknown command.
Unknown command.
Unknown command.
Autopickup is now off.
Unknown command.
Are you sure you want to abandon this character and quit the game? (Confirm with "yes".)

#.# #.# #.# #. ####.# #.# #.# #.
.....# #.# #.# #Z ###### #.# #.#
#Z # #.# #.# #. #### #.# #.#
######## #. ...# #.#
#.#######.#.#.# ## ##.#
#.###.#.##..#....?# ##.#
#.....@.....'....## ##.#
#####.#.#...'...=.# ##.#
##....##..'....###### #.#
#.....##..#.=.[.#.... #.#
#.........#.#.#.#.###
#.##########.....###########.###
#.##........#...................
#####.######.####################
≈≈# #.# #.#


There were no monsters in sight!

Vanquished Creatures
  4 caustic shrikes (Depths:4)
  Arachne (Spider:2)
  A tentacled monstrosity (Depths:2)
  Jorgrun (Orc:2)
  3 liches
  A walking earthen tome (Depths:3)
  A deep elf blademaster (Elf:2)
  2 deep elf master archers (Elf:3)
  A quicksilver dragon (Depths:2)
  Agnes (Spider:2)
  Kirke (Lair:5)
  4 tengu reavers
  A shadow dragon (Depths:2)
  A frost giant (Depths:1)
  3 ghost moths
  5 emperor scorpions
  2 fire giants (D:15)
  4 deep elf sorcerers
  A balrug (Depths:2)
  Aizul (Swamp:1)
  An orc warlord (Orc:2)
  4 vault wardens
  A juggernaut zombie (Depths:1)
  2 deep elf elementalists (Elf:3)
  A quicksilver ooze (Lair:5)
  4 spriggan defenders
  2 war gargoyles
  A draconian shifter (Depths:4)
  A broodmother (Spider:2)
  4 stone giants
  14 very ugly things
  A caustic shrike skeleton (Depths:3)
  17 ironbound preservers
  4 deep elf demonologists
  4 ironbound thunderhulks
  2 deep elf annihilators
  Azrael (Orc:2)
  2 eleionomae
  3 entropy weavers
  13 dire elephants
  A minotaur (Gauntlet)
  A bunyip (Swamp:3)
  A purple draconian (Depths:4)
  2 spark wasps
  5 deep elf death magi
  4 ettins
  Josephine (Swamp:1)
  A ragged hierophant (Vaults:4)
  5 yaktaur captains
  2 deep elf high priests
  2 spriggan zombies
  2 fire dragons
  3 great orbs of eyes
  A spectral tengu (D:15)
  4 vault guards (D:14)
  2 spriggan air magi (Depths:2)
  6 boulder beetles
  6 hydras
  2 peacekeepers
  5 two-headed ogres
  A spectral stone giant (D:15)
  2 radroaches
  4 centaur warriors
  2 spectral frost giants (D:15)
  A death knight (D:12)
  2 hell hogs (Depths:2)
  18 dancing weapons
  3 ironbound frosthearts
  9 deep troll shamans
  4 alligators
  8 deep troll earth magi
  13 tengu warriors
  8 spriggan berserkers
  11 death yaks
  A thrashing horror (Lair:6)
  2 sun demons
  An orc high priest (Orc:2)
  7 deep elf knights
  2 soul eaters (Depths:2)
  4 hell knights
  A vampire mage (Depths:3)
  2 golden dragon zombies
  A spectral spark wasp (D:15)
  10 skeletal warriors
  7 iron trolls
  53 deep trolls
  3 pharaoh ants
  2 shadow wraiths (Depths:2)
  A spark wasp zombie (Depths:2)
  A quicksilver dragon simulacrum (Depths:2)
  A sea snake (Orc:2)
  5 spriggan riders
  2 goliath frogs (Swamp:4)
  4 deep elf archers
  4 steelbarb worms
  Pikel (D:8)
  2 spriggan druids
  A glowing orange brain (shapeshifter) (D:15)
  3 swamp dragons (Swamp:4)
  An orb spider (Spider:3)
  A tengu zombie (Depths:3)
  4 glowing orange brains
  3 bog bodies
  7 ironbound convokers
  7 orc knights
  4 lindwurms
  An obsidian statue (Gauntlet)
  A swamp dragon (shapeshifter) (Elf:1)
  3 harpies (Vaults:3)
  A phantasmal warrior (D:12)
  A stone giant zombie (Depths:1)
  5 necromancers
  13 wolf spiders
  4 wizards
  27 deep elf pyromancers
  18 deep elf zephyrmancers
  4 orc sorcerers
  29 slime creatures
  A shadow dragon skeleton (Depths:1)
  3 cyclopes
  3 moths of wrath (Spider:2)
  2 shining eyes (Slime:1)
  A large abomination (Lair:6)
  A will-o-the-wisp (Swamp:1)
  A manticore (shapeshifter) (Vaults:3)
  8 black mambas
  21 ugly things
  2 stone giant skeletons
  An ice statue (Elf:2)
  3 frost giant skeletons
  6 vault sentinels
  9 cane toads
  The ghost of siradein the Gusty, a novice DrAE (D:4)
  An unseen horror (D:11)
  3 freezing wraiths (Depths:2)
  18 yaktaurs
  3 torpor snails
  An efreet (D:13)
  An ice devil (Gauntlet)
  A demonic crawler (Spider:2)
  5 komodo dragons
  2 ancient zymes (Lair:6)
  8 tengu conjurers
  11 meliai
  2 polar bears (shapeshifter)
  6 trolls
  A bloated husk (Swamp:3)
  7 tarantellas
  4 tyrant leeches
  15 hornets
  2 polar bears
  10 blink frogs (Lair:6)
  2 dream sheep (Lair:4)
  2 fire giant simulacra
  A stone giant simulacrum (D:15)
  8 jumping spiders
  6 water elementals
  A centaur simulacrum (D:15)
  7 culicivoras
  Sigmund (D:2)
  42 yaks
  An ettin skeleton (Depths:1)
  9 spriggans
  3 air elementals
  2 hogs (Lair:5)
  3 wraiths
  A vampire (D:13)
  3 wyverns
  3 ynoxinuls (Lair:6)
  4 basilisks
  5 fire elementals
  34 redbacks
  12 vampire mosquitoes
  A steam dragon (D:8)
  9 swamp worms
  8 water moccasins
  4 small abominations (Lair:6)
  An acid dragon (D:11)
  21 orc warriors
  3 hell hounds (Orc:2)
  4 ettin simulacra (Depths:2)
  2 sky beasts
  2 swamp drakes (Swamp:4)
  4 ogres
  A boggart (Vaults:1)
  5 centaurs
  16 wolves
  A necrophage (D:7)
  A phantom (D:4)
  2 lemures (D:8)
  Blork the orc (D:6)
  7 elf zombies
  A kobold brigand (D:9)
  6 bullfrogs
  3 scorpions
  An earth elemental (Elf:1)
  An elf skeleton (D:5)
  2 water moccasin skeletons
  6 electric eels
  4 killer bees (D:7)
  12 wights
  5 howler monkeys
  2 human zombies (Ossuary)
  A bullfrog zombie (D:6)
  2 centaur zombies
  4 jellies (Lair:5)
  9 orc priests
  3 hounds (D:7)
  A bullfrog skeleton (D:5)
  2 centaur skeletons
  3 gnoll boudas
  2 human skeletons (D:5)
  2 iguanas
  4 hell rats (Lair:1)
  19 orc wizards
  A killer bee zombie (D:8)
  A human simulacrum (D:14)
  3 mummies (Ossuary)
  A howler monkey zombie (D:8)
  18 gnolls
  12 adders
  3 white imps
  An ufetubus (D:7)
  An adder skeleton (D:4)
  5 worms
  The ghost of Tugh the Shield-Bearer, a weakling FoFi (D:15)
  6 dart slugs
  80 orcs
  7 bats
  6 endoplasms
  4 giant cockroaches
  7 goblins
  8 hobgoblins
  5 jackals (D:7)
  13 kobolds
  3 quokkas
  5 ball pythons
  A frilled lizard (D:2)
  A goblin zombie (Ossuary)
  2 hobgoblin zombies (Ossuary)
  A kobold zombie (Ossuary)
  An orc skeleton (D:5)
  An orc zombie (Ossuary)
  4 rats
1222 creatures vanquished.

Vanquished Creatures (collateral kills)
  A juggernaut (Depths:4)
  the Lernaean hydra (Swamp:4)
  A golden dragon (Depths:2)
  2 deep elf blademasters (Elf:3)
  Frances (D:14)
  A sphinx (Vaults:1)
  A storm dragon (Depths:2)
  3 tengu reavers
  A shadow dragon (Depths:4)
  A draconian monk (Depths:4)
  A fenstrider witch (Swamp:4)
  2 frost giants
  A fire giant (Depths:4)
  A vault warden (Vaults:4)
  A ghost moth (Spider:4)
  2 deep elf sorcerers (Elf:3)
  4 emperor scorpions (Spider:4)
  3 orc warlords
  2 deep elf elementalists (Elf:3)
  A spriggan defender (Depths:2)
  An ironbound preserver (Vaults:4)
  A reaper (Depths:2)
  A war gargoyle (Depths:2)
  9 very ugly things
  6 stone giants
  Nessos (Lair:6)
  3 ironbound thunderhulks (Vaults:4)
  A caustic shrike skeleton (Depths:3)
  2 deep elf annihilators (Elf:3)
  2 vampire knights
  6 dire elephants
  2 eleionomae
  A red draconian (Depths:4)
  4 entropy weavers
  9 spark wasps
  2 bunyips (Swamp:4)
  A blizzard demon (Depths:2)
  Snorg (Lair:6)
  3 deep elf death magi (Elf:3)
  5 deep elf high priests
  3 great orbs of eyes
  2 yaktaur captains
  A fire dragon (Depths:3)
  2 rakshasas
  11 hydras
  3 spriggan air magi
  A boulder beetle (Vaults:1)
  An ogre mage (Vaults:4)
  A jorogumo (Spider:3)
  3 ice dragons
  3 alligators
  4 ironbound frosthearts
  A centaur warrior (Vaults:4)
  A radroach (Spider:2)
  A deep troll shaman (Depths:4)
  3 dancing weapons (Elf:2)
  A death yak (Lair:1)
  6 spriggan berserkers
  2 thrashing horrors (Lair:6)
  6 tengu warriors (Depths:2)
  4 deep troll earth magi
  3 hell knights (Depths:4)
  A soul eater (Depths:2)
  A sun demon (Depths:2)
  2 skeletal warriors
  A pharaoh ant (Spider:4)
  2 goliath frogs
  6 iron trolls
  4 spriggan riders
  6 swamp dragons (Swamp:4)
  2 glowing orange brains
  20 deep trolls
  A quicksilver dragon simulacrum (Depths:2)
  5 orb spiders
  3 deep elf archers
  6 steelbarb worms
  3 large abominations (Lair:6)
  4 wizards
  4 harpies
  An orange crystal statue (D:15)
  A deep elf zephyrmancer (Elf:1)
  6 ironbound convokers
  A deep elf pyromancer (Elf:1)
  6 orc knights
  5 necromancers
  A wolf spider (shapeshifter) (Depths:2)
  4 ugly things
  A cyclops (D:12)
  7 wolf spiders
  14 slime creatures
  A human zombie (Vaults:4)
  2 orc sorcerers
  A manticore (D:12)
  A moth of wrath (shapeshifter) (D:15)
  2 shadow dragon skeletons
  A will-o-the-wisp (Swamp:1)
  A black mamba (Lair:6)
  An ice statue (Depths:2)
  A moth of wrath (Spider:4)
  A black mamba (shapeshifter) (Depths:2)
  2 smoke demons (Lair:6)
  6 vault sentinels
  Maggie (D:9)
  5 cane toads
  4 demonic crawlers
  A komodo dragon (Lair:3)
  A freezing wraith (D:14)
  16 yaktaurs
  A rime drake (Lair:3)
  A spriggan skeleton (Depths:1)
  A troll (Orc:1)
  26 jumping spiders
  4 meliai (Spider:3)
  A polar bear (Lair:5)
  A tyrant leech (Swamp:4)
  9 blink frogs (Lair:6)
  10 tarantellas
  2 saltlings (Vaults:4)
  10 hornets
  2 wyverns (Lair:2)
  14 culicivoras
  A ynoxinul (Lair:6)
  An ettin skeleton (Vaults:4)
  8 spriggans
  A vampire (D:13)
  3 wraiths
  2 basilisks
  20 yaks
  A fire elemental (Orc:2)
  39 redbacks
  4 vampire mosquitoes
  Menkaure (D:7)
  A glowing shapeshifter zombie (Depths:1)
  A deep troll zombie (Depths:2)
  3 swamp worms
  4 water moccasins
  2 swamp drakes (Swamp:4)
  An ice beast (shapeshifter) (D:14)
  A necrophage (D:8)
  8 orc warriors
  2 boggarts (Vaults:1)
  5 wolves
  A centaur (D:9)
  A phantom (D:7)
  A kobold brigand (D:9)
  An earth elemental (Elf:3)
  3 bullfrogs
  A gnoll sergeant (D:7)
  A glowing shapeshifter simulacrum (Vaults:4)
  6 small abominations (Lair:6)
  2 electric eels
  A hound (D:7)
  A bullfrog zombie (D:7)
  3 orc priests (Orc:2)
  4 orc wizards
  A hell rat (Lair:1)
  2 human simulacra
  A mummy (Ossuary)
  A gnoll (D:7)
  A howler monkey zombie (D:9)
  10 orcs
  A kobold (D:9)
  A butterfly (Lair:6)
556 creatures vanquished.

Vanquished Creatures (others)
  A caustic shrike (Depths:4)
  A spectral fire dragon (Vaults:4)
  A vault warden (Vaults:3)
  2 caustic shrike zombies (Depths:4)
  A ghost moth (Spider:1)
  A spectral acid blob (Depths:2)
  A spectral golden dragon (Depths:4)
  A spectral stone giant (Depths:1)
  4 very ugly thing zombies
  A quicksilver dragon zombie (Depths:2)
  A spectral human (Vaults:3)
  2 ettins
  A hydra (Swamp:4)
  A caustic shrike simulacrum (Depths:3)
  A spectral balrug (Depths:2)
  4 entropy weaver zombies
  A flayed ghost (D:14)
  3 spark wasp zombies (Depths:3)
  2 orc knights (Vaults:3)
  4 wolf spider zombies
  A phantasmal warrior (D:14)
  A stone giant zombie (Depths:1)
  A shadow dragon zombie (Depths:2)
  3 deep elf zephyrmancers (Elf:3)
  A jorogumo zombie (Spider:3)
  A hell hog zombie (Depths:2)
  A wolf spider (Spider:3)
  An eleionoma zombie (Swamp:4)
  A dire elephant zombie (Vaults:4)
  2 spectral sun demons (Depths:2)
  A swamp worm zombie (Swamp:4)
  3 iron troll zombies
  4 spectral glowing orange brains
  A spectral elf (D:14)
  15 redback zombies
  A steelbarb worm zombie (Spider:4)
  A demonic crawler zombie (Spider:3)
  A moth of wrath zombie (Spider:4)
  2 harpy zombies
  A bloated husk (Swamp:4)
  2 tarantella zombies
  A fire dragon zombie (Depths:3)
  An alligator zombie (Swamp:4)
  2 ettin zombies
  5 culicivora zombies
  5 jumping spider zombies
  2 great orb of eyes zombies
  8 flying skulls
  A culicivora (Spider:3)
  4 vampires
  8 slime creature zombies
  A wraith (Lair:6)
  14 deep troll zombies
  11 tengu zombies
  A hell hound (Orc:2)
  A spectral shining eye (Slime:1)
  2 swamp dragon zombies
  An orc warrior (Orc:2)
  19 elf zombies
  An ettin simulacrum (Depths:2)
  12 yaktaur zombies
  2 hell hound zombies (Orc:2)
  A polar bear zombie (Elf:3)
  5 ugly thing zombies
  11 spriggan zombies
  2 wights
  2 boggart zombies (Vaults:1)
  3 death yak zombies
  8 hydra zombies
  4 black mamba zombies
  A boulder beetle zombie (D:12)
  3 ogre zombies
  2 mummies
  4 cane toad zombies
  19 human zombies
  2 swamp drake zombies (Swamp:4)
  7 meliai zombies
  4 vampire mosquito zombies
  A wolf skeleton (Lair:6)
  4 blink frog zombies (Lair:6)
  A worm zombie (Spider:3)
  9 hornet zombies
  A two-headed ogre zombie (D:9)
  2 basilisk zombies
  19 yak zombies
  4 bullfrog zombies
  3 centaur zombies
  An electric eel zombie (D:9)
  2 gnoll zombies (D:7)
  A hound zombie (D:7)
  2 jackal zombies (D:7)
  A killer bee zombie (D:7)
  2 kobold zombies (D:9)
  58 orc zombies
  A polar bear skeleton (Lair:6)
  2 sky beast zombies
  A spriggan skeleton (Lair:6)
  A steam dragon zombie (D:8)
  7 wolf zombies
  A wyvern zombie (Lair:5)
  8 briar patches (Swamp:4)
  99 fungi
  102 plants
  21 withered plants (Gauntlet)
613 creatures vanquished.

Grand Total: 2391 creatures vanquished

Notes
Turn   | Place    | Note
-------+----------+-------------------------------------------
     0 | D:1      | dinky3 the Vampire Ice Elementalist began the quest for the
                  | Orb.
     0 | D:1      | Reached XP level 1. HP: 13/13 MP: 3/3
   154 | D:1      | Reached XP level 2. HP: 20/20 MP: 3/5
   602 | D:1      | Reached skill level 1 in Fighting
   677 | D:1      | Gained mutation: You are afflicted with vampirism and can
                  | become a bat while bloodless. [Vampire growth]
   677 | D:1      | Reached XP level 3. HP: 22/26 MP: 4/6
   979 | D:2      | Learned a level 3 spell: Frozen Ramparts
  1086 | D:2      | Found a faded altar of an unknown god.
  1453 | D:2      | Reached XP level 4. HP: 29/32 MP: 7/7
  1540 | D:2      | Noticed Sigmund
  2008 | D:3      | Reached skill level 1 in Shields
  2480 | D:4      | Reached XP level 5. HP: 38/38 MP: 2/9
  2550 | D:4      | Found a runed translucent gate.
  2550 | D:4      | Found a runed translucent gate.
  2550 | D:4      | Identified the +1 chain mail of Lethargy {rPois Int-4 SInv
                  | Stlth-}
  2550 | D:4      | Noticed an orc warrior
  2556 | D:4      | Found a runed translucent gate.
  2599 | D:4      | Noticed siradein's ghost (novice DrAE)
  2628 | D:4      | Learned a level 3 spell: Ozocubu's Armour
  2766 | D:4      | Found a staircase to the Ecumenical Temple.
  2813 | Temple   | Entered the Ecumenical Temple
  2995 | Temple   | Became a worshipper of Yredelemnul the Dark
  3129 | D:4      | You fall into a shaft and drop 1 floor!
  3129 | D:5      | Entered Level 5 of the Dungeon
  3205 | D:5      | Reached skill level 2 in Fighting
  3216 | D:5      | Reached skill level 5 in Stealth
  3283 | D:5      | Reached XP level 6. HP: 44/44 MP: 1/10
  3293 | D:5      | Found a sand-covered staircase.
  3325 | D:5      | Reached skill level 5 in Ice Magic
  3327 | Ossuary  | Entered an ossuary
  3345 | Ossuary  | Gained mutation: You are dopey. (Int -2) [potion of
                  | mutation]
  3345 | Ossuary  | Gained mutation: You have hidden genetic defects. [potion
                  | of mutation]
  3345 | Ossuary  | Gained mutation: Your magical capacity is low. (-10% MP)
                  | [potion of mutation]
  3345 | Ossuary  | Gained mutation: You are agile. (Dex +4, Str/Int -1)
                  | [potion of mutation]
  3386 | Ossuary  | Lost mutation: You are agile. (Dex +4, Str/Int -1) [hidden
                  | defects]
  3401 | Ossuary  | Reached XP level 7. HP: 51/51 MP: 11/11
  3413 | Ossuary  | Gained mutation: You are weak. (Str -2) [hidden defects]
  3413 | Ossuary  | Lost mutation: You have hidden genetic defects. [hidden
                  | defects expressed]
  3425 | Ossuary  | Reached skill level 3 in Fighting
  3914 | Ossuary  | Lost mutation: You are weak. (Str -2) [potion of mutation]
  3914 | Ossuary  | Lost mutation: Your magical capacity is low. (-10% MP)
                  | [potion of mutation]
  3914 | Ossuary  | Lost mutation: You are dopey. (Int -2) [potion of mutation]
  3914 | Ossuary  | Gained mutation: You are partially covered in iridescent
                  | scales. (AC +2) [potion of mutation]
  3914 | Ossuary  | Gained mutation: You have a pair of small horns on your
                  | head. [potion of mutation]
  3914 | Ossuary  | Gained mutation: Your magical capacity is low. (-10% MP)
                  | [potion of mutation]
  3914 | Ossuary  | Gained mutation: You are mostly covered in iridescent
                  | scales. (AC +4) [potion of mutation]
  3998 | D:5      | Learned a level 4 spell: Hailstorm
  4292 | D:5      | Reached XP level 8. HP: 57/58 MP: 12/12
  4410 | D:5      | Reached * piety under Yredelemnul
  5136 | D:4      | Reached skill level 4 in Fighting
  5755 | D:6      | Found a sacrificial altar of Ru.
  5863 | D:6      | Noticed Blork the orc
  6044 | D:7      | Noticed Menkaure
  6070 | D:7      | Found a hazy altar of Hepliaklqana.
  6303 | D:7      | Reached skill level 5 in Spellcasting
  6351 | D:7      | Reached skill level 1 in Conjurations
  6367 | D:7      | Reached XP level 9. HP: 48/66 MP: 5/15
  6494 | D:7      | Killed Menkaure
  6494 | D:7      | Reached ** piety under Yredelemnul
  6798 | D:7      | Reached skill level 5 in Fighting
  7060 | D:7      | Found an opulent altar of Gozag.
  7135 | D:7      | Found a sparkling altar of Nemelex Xobeh.
  7230 | D:7      | Identified a scroll of acquirement
  7230 | D:7      | Acquired the ring "Maosuaf" {rN+ rCorr Str+6}
  7403 | D:6      | Reached skill level 10 in Stealth
  7675 | D:6      | Killed Blork the orc
  7676 | D:6      | Reached skill level 6 in Fighting
  7676 | D:6      | Reached XP level 10. HP: 76/76 MP: 9/17
  7791 | D:6      | Found a hide-covered altar of Uskayaw.
  7792 | D:6      | Found an ornate altar of the Wu Jian Council.
  8490 | D:8      | Noticed Pikel
  8502 | D:8      | Killed Pikel
  8591 | D:8      | Identified the +3 dagger "Fyusiut" {freeze, rElec Str+2}
  8661 | D:8      | Reached *** piety under Yredelemnul
  9146 | D:9      | Received a gift from Yredelemnul (a mummy)
  9151 | D:9      | Found a staircase to the Lair.
  9167 | D:9      | Noticed a two-headed ogre
  9179 | D:9      | Killed a two-headed ogre
  9280 | D:9      | Noticed Maggie
  9463 | D:9      | Reached skill level 7 in Fighting
  9464 | D:9      | Reached skill level 5 in Dodging
  9712 | D:9      | Received a gift from Yredelemnul (3 flying skulls)
  9934 | D:9      | Killed Maggie
  9935 | D:9      | Reached XP level 11. HP: 84/84 MP: 13/20
 10296 | D:9      | Reached **** piety under Yredelemnul
 10367 | D:9      | Found Peurhi's Jewellery Boutique.
 10636 | D:9      | Found a shimmering blue altar of Sif Muna.
 10710 | Lair:1   | Entered Level 1 of the Lair of Beasts
 10973 | Lair:1   | Reached skill level 1 in Invocations
 11089 | Lair:1   | Noticed a death yak
 11095 | Lair:1   | Noticed a death yak
 11095 | Lair:1   | Noticed a death yak
 11095 | Lair:1   | Noticed a death yak
 11097 | Lair:1   | Noticed a death yak
 11103 | Lair:1   | Killed a death yak
 11105 | Lair:1   | Killed a death yak
 11113 | Lair:1   | Killed a death yak
 11113 | Lair:1   | Killed a death yak
 11115 | Lair:1   | Killed a death yak
 11116 | Lair:1   | Received a gift from Yredelemnul (a wraith)
 11116 | Lair:1   | Reached skill level 5 in Invocations
 12185 | Lair:2   | Noticed a bog body
 12194 | Lair:2   | Reached skill level 1 in Axes
 12295 | Lair:3   | Noticed a death yak
 12296 | Lair:3   | Noticed a death yak
 12297 | Lair:3   | Noticed a death yak
 12299 | Lair:3   | Noticed a death yak
 12310 | Lair:3   | Killed a death yak
 12317 | Lair:3   | Killed a death yak
 12317 | Lair:3   | Received a gift from Yredelemnul (a mummy)
 12333 | Lair:3   | Killed a death yak
 12334 | Lair:3   | Reached skill level 8 in Fighting
 12334 | Lair:3   | Reached XP level 12. HP: 83/92 MP: 3/21
 12336 | Lair:3   | Killed a death yak
 12479 | Lair:3   | Learned a level 3 spell: Confusing Touch
 12484 | Lair:3   | Learned a level 4 spell: Airstrike
 12488 | Lair:3   | Learned a level 3 spell: Vampiric Draining
 12516 | Lair:3   | Reached skill level 10 in Ice Magic
 12603 | Lair:3   | Reached skill level 1 in Necromancy
 13267 | Lair:4   | Noticed a death yak
 13284 | Lair:4   | Killed a death yak
 13285 | Lair:4   | Noticed a death yak
 13290 | Lair:4   | Noticed a death yak
 13324 | Lair:4   | Killed a death yak
 13324 | Lair:4   | Received a gift from Yredelemnul (a wight)
 13327 | Lair:4   | Killed a death yak
 13429 | Lair:4   | Reached skill level 9 in Fighting
 13691 | Lair:4   | Reached skill level 5 in Necromancy
 13896 | Lair:4   | Received a gift from Yredelemnul (2 flying skulls)
 14028 | Lair:4   | Found a hole to the Spider Nest.
 14286 | Lair:5   | Found a gate leading to a gauntlet.
 14289 | Lair:5   | Found a staircase to the Slime Pits.
 14375 | Gauntlet | Entered a Gauntlet
 14375 | Gauntlet | Found a transporter.
 14375 | Gauntlet | Found a transporter.
 14379 | Gauntlet | Found a transporter.
 14379 | Gauntlet | Found a transporter.
 14388 | Gauntlet | Found a transporter.
 14392 | Gauntlet | Found a large runed translucent door.
 14399 | Gauntlet | Noticed a five-headed hydra
 14405 | Gauntlet | Found the +1 cloak of Starlight {*Dazzle EV+4 Stlth--}
 14407 | Gauntlet | Found a transporter.
 14409 | Gauntlet | Noticed a cacodemon
 14410 | Gauntlet | Found the +8 lance "Wyrmbane" {slay drac, rPois rF+ rC+
                  | AC+3}
 14411 | Gauntlet | Found a transporter.
 14411 | Gauntlet | Found a transporter.
 14414 | Gauntlet | Found a transporter.
 14441 | Gauntlet | Found a transporter.
 14472 | Gauntlet | Found a transporter.
 14505 | Gauntlet | Found a transporter.
 14519 | Gauntlet | Found a transporter.
 14532 | Gauntlet | Found a transporter.
 14624 | Gauntlet | Found a transporter.
 14626 | Gauntlet | Found a large runed translucent door.
 14626 | Gauntlet | Found a large runed translucent door.
 14627 | Gauntlet | Found a large runed translucent door.
 14627 | Gauntlet | Found a large runed translucent door.
 14628 | Gauntlet | Found a large runed translucent door.
 14628 | Gauntlet | Found a runed translucent door.
 14628 | Gauntlet | Found a runed translucent door.
 14628 | Gauntlet | Found a large runed translucent door.
 14628 | Gauntlet | Found a large runed translucent door.
 14629 | Gauntlet | Found a large runed translucent door.
 14629 | Gauntlet | Found a large runed translucent door.
 14632 | Gauntlet | Found a large runed translucent door.
 14632 | Gauntlet | Found a large runed translucent door.
 14634 | Gauntlet | Found a large runed translucent door.
 14634 | Gauntlet | Found a large runed translucent door.
 14634 | Gauntlet | Found a large runed translucent door.
 14636 | Gauntlet | Found a runed translucent gate.
 14636 | Gauntlet | Found a runed translucent gate.
 14636 | Gauntlet | Found a runed translucent gate.
 14637 | Gauntlet | Noticed a hell hog
 14638 | Gauntlet | Found a transporter.
 14649 | Gauntlet | Found a large runed translucent door.
 14804 | Gauntlet | Reached skill level 1 in Armour
 14848 | Gauntlet | Identified the -1 hat of Biskor {Rampage Int+2}
 14907 | Gauntlet | Identified the +5 ice dragon scales of the Bulwark {-Cast
                  | rF- rC++ Will- rCorr Dex+8}
 14907 | Gauntlet | Identified the ring of Peace {Fly Str+6}
 14907 | Gauntlet | Noticed a minotaur
 14923 | Gauntlet | Killed a minotaur
 14934 | Gauntlet | Identified the +1 leather armour "Ebbuegasul" {rN++ Slay-3}
 14934 | Gauntlet | Identified the amulet of the Forsaken Villages {Harm rC++
                  | Regen+ Str-3 SInv}
 14963 | Lair:5   | Received a gift from Yredelemnul (a wight)
 14963 | Lair:5   | Reached skill level 10 in Fighting
 14963 | Lair:5   | Reached XP level 13. HP: 103/103 MP: 18/22
 15154 | Lair:5   | Noticed Kirke
 15164 | Lair:5   | Killed Kirke
 15217 | Lair:5   | Reached ***** piety under Yredelemnul
 15708 | Lair:6   | Entered Level 6 of the Lair of Beasts
 15909 | Lair:6   | Noticed Nessos
 15936 | Lair:6   | Received a gift from Yredelemnul (3 flying skulls)
 15940 | Lair:6   | Killed Nessos
 16162 | Lair:6   | Reached skill level 1 in Evocations
 16226 | Lair:6   | Acquired a +1 hat of willpower
 16325 | Lair:6   | Reached skill level 5 in Axes
 16593 | Lair:6   | Received a gift from Yredelemnul (a vampire)
 16599 | Lair:6   | Noticed Snorg
 16614 | Lair:6   | Killed Snorg
 16624 | Lair:6   | Received a gift from Yredelemnul (a vampire)
 16625 | Lair:6   | Reached skill level 11 in Fighting
 16662 | Lair:6   | Got Guesm's Reference Book on the Compass
 16904 | Lair:6   | Reached XP level 14. HP: 96/113 MP: 23/23
 17101 | Lair:6   | Received a gift from Yredelemnul (a flayed ghost)
 17194 | Lair:6   | Found a corrupted altar of Lugonu.
 17194 | Lair:6   | Found a one-way gate to the infinite horrors of the Abyss.
 17595 | D:10     | Entered Level 10 of the Dungeon
 18712 | D:11     | Found a staircase to the Orcish Mines.
 18955 | D:11     | Found Xaniosac's General Store.
 19075 | D:11     | Reached skill level 10 in Invocations
 19813 | D:12     | Received a gift from Yredelemnul (a phantasmal warrior)
 20338 | D:13     | Reached skill level 12 in Fighting
 20401 | D:13     | Received a gift from Yredelemnul (a vampire)
 20787 | D:14     | Noticed Frances
 20867 | D:14     | Found a frozen archway.
 20885 | D:14     | Received a gift from Yredelemnul (a vampire)
 20897 | IceCv    | Entered an ice cave
 21393 | D:14     | Killed Frances
 21609 | D:14     | Found a gate to the Vaults.
 21715 | D:14     | Reached XP level 15. HP: 109/122 MP: 20/24
 21917 | D:14     | Found a blossoming altar of Fedhas.
 22445 | Orc:1    | Entered Level 1 of the Orcish Mines
 22445 | Orc:1    | Found Sesi's Weapon Boutique.
 22533 | Orc:1    | Received a gift from Yredelemnul (a ghoul)
 22918 | Orc:2    | Entered Level 2 of the Orcish Mines
 22918 | Orc:2    | Noticed Jorgrun
 22919 | Orc:2    | Upgraded the game from 0.28-a0-628-g3c9886e45e to
                  | 0.29-a0-902-g0f71de6fce
 22927 | Orc:2    | Killed Jorgrun
 23239 | Orc:2    | Noticed Azrael
 23259 | Orc:2    | Noticed an orc warlord
 23982 | Orc:2    | Killed an orc warlord
 23983 | Orc:2    | Reached skill level 13 in Fighting
 24014 | Orc:2    | Found Jyizxoidgh's Book Emporium.
 24313 | Orc:2    | Noticed Urug
 24344 | Orc:2    | Noticed Urug
 24344 | Orc:2    | Urug changed into Urug the sea snake
 24351 | Orc:2    | Killed Urug the sea snake
 24352 | Orc:2    | Reached skill level 5 in Shields
 24394 | Orc:2    | Found Qutew's Antique Armour Emporium.
 24409 | Orc:2    | Found Zaotuats's General Store.
 24556 | Orc:2    | Found Ujucesmi's Antique Weapon Emporium.
 24586 | Orc:2    | Bought the +8 autumn katana {vorpal, manifold assault} for
                  | 1515 gold pieces
 24586 | Orc:2    | Found the +8 autumn katana {vorpal, manifold assault}
 24744 | D:15     | Entered Level 15 of the Dungeon
 24804 | D:14     | Reached skill level 1 in Long Blades
 25031 | D:15     | Found a runed translucent door.
 25047 | D:15     | Found a runed translucent door.
 25061 | D:15     | Found a runed translucent door.
 25105 | D:15     | Found a runed translucent door.
 25212 | D:15     | Found a staircase to the Depths.
 25293 | D:15     | Found a runed translucent gate.
 25293 | D:15     | Found a runed translucent gate.
 25293 | D:15     | Found a runed translucent gate.
 25372 | D:15     | Noticed Tugh's ghost (weakling FoFi)
 26240 | D:4      | Killed siradein's ghost
 26330 | D:2      | Killed Sigmund
 26605 | Spider:1 | Entered Level 1 of the Spider Nest
 27242 | Spider:1 | Noticed an emperor scorpion
 27253 | Spider:1 | Killed an emperor scorpion
 27254 | Spider:1 | Reached skill level 5 in Long Blades
 27496 | Spider:1 | Reached ****** piety under Yredelemnul
 27799 | Spider:1 | Reached XP level 16. HP: 130/130 MP: 15/25
 28681 | Spider:2 | Noticed Agnes
 28698 | Spider:2 | Killed Agnes
 28756 | Spider:2 | Noticed Arachne
 28765 | Spider:2 | Killed Arachne
 29660 | Spider:3 | Noticed Louise
 29956 | Spider:3 | Reached skill level 10 in Shields
 29980 | Spider:3 | Paralysed by a hornet for 1 turns
 30128 | Spider:3 | Reached skill level 10 in Long Blades
 30284 | Spider:3 | Reached skill level 5 in Evocations
 30410 | Spider:3 | Killed Louise
 30410 | Spider:3 | Enslaved Louise
 30794 | Spider:4 | Entered Level 4 of the Spider Nest
 31134 | Spider:4 | Reached XP level 17. HP: 119/136 MP: 21/26
 31454 | Spider:4 | Got a gossamer rune of Zot
 32173 | Lair:2   | Found a staircase to the Swamp.
 32188 | Swamp:1  | Entered Level 1 of the Swamp
 32231 | Swamp:1  | Noticed Donald
 32267 | Swamp:1  | Noticed Josephine
 32281 | Swamp:1  | Killed Josephine
 32303 | Swamp:1  | Your ally Josephine died
 32489 | Swamp:1  | Noticed Aizul
 32500 | Swamp:1  | Killed Aizul
 32769 | Swamp:2  | Learned a level 3 spell: Lesser Beckoning
 33564 | Swamp:4  | Entered Level 4 of the Swamp
 33742 | Swamp:4  | Noticed the 27-headed Lernaean hydra
 33778 | Swamp:4  | Killed the 27-headed Lernaean hydra
 34455 | Swamp:4  | Reached XP level 18. HP: 139/143 MP: 23/27
 34467 | Swamp:4  | Got a decaying rune of Zot
 34980 | Orc:2    | Killed Azrael
 34990 | Orc:2    | Found a staircase to the Elven Halls.
 35092 | Elf:1    | Entered Level 1 of the Elven Halls
 35246 | Elf:1    | Found Exerch's Book Emporium.
 36168 | Elf:2    | Found Ezuuc's Book Shoppe.
 36174 | Elf:2    | Paralysed by an air elemental for 1 turns
 36619 | Elf:2    | Found a magical portal.
 36663 | WizLab   | Entered Iskenderun's Mystic Tower
 36848 | Elf:2    | Found Luycziz's Weapon Shoppe.
 36851 | Elf:2    | Reached skill level 5 in Armour
 36863 | Elf:2    | Paralysed by an air elemental for 1 turns
 36865 | Elf:2    | Paralysed by an air elemental for 1 turns
 36869 | Elf:2    | Paralysed by an air elemental for 1 turns
 37093 | Elf:2    | Found a gateway to a bazaar.
 37168 | Bazaar   | Entered a bazaar
 37168 | Bazaar   | Found Ateoweag's Distillery.
 37168 | Bazaar   | Found Yzerch's Armour Shop.
 37168 | Bazaar   | Found Ipaw's Antique Weapon Boutique.
 37169 | Bazaar   | Found Asmiber's General Store.
 37200 | Bazaar   | Bought the +1 pair of gloves "Jiawesh" {rElec rN+ Will+
                  | Int+4} for 291 gold pieces
 37206 | Bazaar   | Bought a potion of resistance for 130 gold pieces
 37206 | Bazaar   | Bought a potion of haste for 130 gold pieces
 37206 | Bazaar   | Bought a potion of heal wounds for 65 gold pieces
 37206 | Bazaar   | Bought a potion of heal wounds for 65 gold pieces
 37251 | Elf:2    | Reached skill level 1 in Translocations
 37271 | Elf:2    | Found a runed translucent door.
 37272 | Elf:2    | Found a runed translucent door.
 37622 | Vaults:1 | Entered Level 1 of the Vaults
 38627 | Vaults:1 | Found Guzuxkuo's Book Boutique.
 38753 | Vaults:1 | Learned a level 4 spell: Dispel Undead
 38852 | Vaults:1 | Identified the +3 flail of Haunted Tenacity {venom, rF+}
 39044 | Vaults:1 | Reached XP level 19. HP: 150/150 MP: 27/27
 39474 | Vaults:2 | Reached skill level 10 in Evocations
 39635 | Vaults:2 | You fall into a shaft and drop 1 floor!
 39776 | Vaults:3 | Your ally Louise died
 39935 | Vaults:3 | Noticed Xtahua
 40046 | Vaults:3 | Found a transporter.
 40062 | Vaults:3 | Found the +11 plutonium sword {Contam Stlth-}
 40066 | Vaults:3 | Found a transporter.
 40066 | Vaults:3 | Found a transporter.
 40109 | Vaults:3 | Reached skill level 14 in Fighting
 40218 | Vaults:3 | Killed Xtahua
 40218 | Vaults:3 | Enslaved Xtahua
 40523 | Vaults:3 | Found a transporter.
 40525 | Vaults:3 | Found a transporter.
 41240 | Vaults:4 | Reached skill level 10 in Dodging
 41540 | Vaults:4 | Reached XP level 20. HP: 147/160 MP: 28/28
 41784 | Vaults:4 | Your ally Xtahua died
 43626 | Vaults:2 | Found an ancient bone altar of Kikubaaqudgha.
 43632 | Vaults:2 | Found a staircase to the Crypt.
 43680 | Vaults:2 | Found a basalt altar of Yredelemnul.
 44059 | Orc:2    | Bought scorched quicksilver dragon scales for 1560 gold
                  | pieces
 44059 | Orc:2    | Identified the quicksilver dragon scales of an ossuary
                  | {-Tele Rampage Will+ Regen+ SInv} (You bought it in a shop
                  | on level 2 of the Orcish Mines)
 44270 | Depths:1 | Entered Level 1 of the Depths
 44270 | Depths:1 | Found a corrupted altar of Lugonu.
 44471 | D:15     | Reached skill level 15 in Fighting
 45925 | Depths:1 | Found Kinn's Armour Shop.
 45929 | Depths:1 | Found Meitof's Magic Scroll Shop.
 47322 | Depths:1 | Found a gateway to Hell.
 47722 | Vaults:3 | Noticed a golden dragon
 47722 | Vaults:3 | a titan changed into a golden dragon
 47724 | Vaults:3 | a golden dragon changed into an acid blob
 47755 | Vaults:3 | Noticed a golden dragon
 47755 | Vaults:3 | an iron giant changed into a golden dragon
 47758 | Vaults:3 | a golden dragon changed into an acid blob
 48463 | Elf:1    | Got Yddo Eliagu's Precepts of the Barrage
 48796 | Elf:2    | You fall into a shaft and drop 1 floor!
 48796 | Elf:3    | Entered Level 3 of the Elven Halls
 48876 | Elf:3    | Reached XP level 21. HP: 140/170 MP: 29/29
 49062 | Elf:3    | Found Xejon's Assorted Antiques.
 49161 | Elf:3    | Learned a level 3 spell: Summon Guardian Golem
 49282 | Elf:3    | Reached skill level 10 in Armour
 49466 | Elf:3    | Identified the +10 broad axe of Nemelex Xobeh's Whim
                  | {vorpal, rN+ Str-2 Int+5 Stlth+}
 49466 | Elf:3    | Identified the +1 leather armour of Analu {Int+7 Dex+3}
 49532 | Elf:3    | Paralysed by an air elemental for 1 turns
 49544 | Elf:3    | Paralysed by an air elemental for 1 turns
 49548 | Elf:3    | Paralysed by an air elemental for 1 turns
 50068 | Elf:3    | Identified the +8 falchion of Pride {pain, Will+ Int+4}
 50227 | Elf:3    | Identified the +2 halberd "Duruduum" {holy, rC- rN+ Int+3
                  | Stlth+}
 50337 | Elf:3    | Identified the +7 spear of Evil {drain, *Slow rC++ Will+}
 50356 | Elf:3    | Reached skill level 16 in Fighting
 50548 | Elf:3    | Got the Codex of the Amorphous Blaze
 50580 | Elf:3    | Identified the +10 shortbow of Earthquakes {flame, Will+}
 50650 | Elf:3    | Got the Compilation of Displacement
 50653 | Elf:3    | Got the Almanac of the Toxic Mausoleum
 50806 | Elf:3    | Identified the +11 war axe of Dishonour {protect, *Rage rC+
                  | Dex+5}
 50995 | Elf:1    | Got Ihagh's Advanced Steps in Spellcraft
 51003 | Elf:1    | Learned a level 5 spell: Manifold Assault
 52361 | Depths:3 | Reached skill level 5 in Translocations
 53469 | Depths:3 | HP: 2/171 [frost giant/bolt of cold (17)]
 54218 | Depths:3 | Found a one-way gateway to a ziggurat.
 55166 | Depths:4 | Entered Level 4 of the Depths
 55182 | Depths:4 | Noticed a juggernaut
 55182 | Depths:4 | Noticed a caustic shrike
 55182 | Depths:4 | Noticed a caustic shrike
 55182 | Depths:4 | Noticed a caustic shrike
 55576 | Slime:1  | Entered Level 1 of the Pits of Slime
 55595 | Slime:1  | Gained mutation: You are occasionally teleported next to
                  | monsters. [a shining eye]
 55598 | Lair:5   | Lost mutation: You are mostly covered in iridescent scales.
                  | (AC +4) [potion of mutation]
 55598 | Lair:5   | Lost mutation: You are occasionally teleported next to
                  | monsters. [potion of mutation]
 55598 | Lair:5   | Gained mutation: You have a pair of horns on your head.
                  | [potion of mutation]
 55598 | Lair:5   | Gained mutation: Your flesh is cold resistant. (rC+)
                  | [potion of mutation]
 56734 | Depths:1 | Reached XP level 22. HP: 58/174 MP: 25/30
 57241 | Depths:2 | Found an ornate altar of the Wu Jian Council.
 57441 | Depths:2 | Reached skill level 10 in Translocations
 57502 | Depths:2 | Acquired 1102 gold pieces
 58259 | Depths:2 | Noticed a golden dragon
 58259 | Depths:2 | Noticed a golden dragon
 58262 | Depths:2 | Identified the +1 chain mail "Sarhari" {rF+ MP+9}
 58816 | Depths:2 | Killed a golden dragon
 58816 | Depths:2 | Enslaved a golden dragon
 58886 | Depths:2 | Found a one-way gate leading to the halls of Pandemonium.
 58971 | Depths:2 | Killed a golden dragon
 58988 | Depths:2 | Found a radiant altar of Vehumet.
 59118 | Depths:2 | Found a broken altar of Ashenzari.
 59369 | Depths:2 | Reached skill level 10 in Spellcasting
 60127 | Depths:4 | Killed a juggernaut
 60161 | Depths:4 | Noticed a caustic shrike
 60168 | Depths:4 | Killed a caustic shrike
 60237 | Depths:4 | Killed a caustic shrike
 60238 | Depths:4 | Killed a caustic shrike
 60239 | Depths:4 | Killed a caustic shrike
 60616 | Depths:4 | Noticed Parghit
 60618 | Depths:4 | Noticed a juggernaut
 60631 | Depths:4 | Noticed a caustic shrike
 60631 | Depths:4 | Noticed a caustic shrike
 60645 | Depths:4 | Noticed a caustic shrike
 60646 | Depths:4 | Noticed a caustic shrike
 60933 | Depths:3 | Lost mutation: Your flesh is cold resistant. (rC+) [potion
                  | of mutation]
 60933 | Depths:3 | Lost mutation: You are partially covered in iridescent
                  | scales. (AC +2) [potion of mutation]
 60933 | Depths:3 | Lost mutation: Your magical capacity is low. (-10% MP)
                  | [potion of mutation]
 60933 | Depths:3 | Gained mutation: You have large cloven feet. [potion of
                  | mutation]
 60934 | Depths:3 | Lost mutation: You have large cloven feet. [potion of
                  | mutation]
 60934 | Depths:3 | Lost mutation: You have a pair of horns on your head.
                  | [potion of mutation]
 60934 | Depths:3 | Lost mutation: You have a pair of small horns on your head.
                  | [potion of mutation]
 60934 | Depths:3 | Gained mutation: You have large cloven feet. [potion of
                  | mutation]
 60934 | Depths:3 | Gained mutation: You have hoof-like feet. [potion of
                  | mutation]
 60934 | Depths:3 | Gained mutation: You passively map a small area around you.
                  | [potion of mutation]
 60935 | Depths:3 | Lost mutation: You passively map a small area around you.
                  | [potion of mutation]
 60935 | Depths:3 | Lost mutation: You have hoof-like feet. [potion of
                  | mutation]
 60935 | Depths:3 | Lost mutation: You have large cloven feet. [potion of
                  | mutation]
 60935 | Depths:3 | Gained mutation: Your body sometimes deteriorates upon
                  | taking damage. [potion of mutation]
 60935 | Depths:3 | Gained mutation: You are clumsy. (Dex -2) [potion of
                  | mutation]
 60935 | Depths:3 | Lost mutation: Your body sometimes deteriorates upon taking
                  | damage. [potion of mutation]
 60936 | Depths:3 | Lost mutation: You are clumsy. (Dex -2) [potion of
                  | mutation]
 60936 | Depths:3 | Gained mutation: Your magical capacity is low. (-10% MP)
                  | [potion of mutation]
 60936 | Depths:3 | Gained mutation: You are partially covered in iridescent
                  | scales. (AC +2) [potion of mutation]
 60937 | Depths:3 | Lost mutation: You are partially covered in iridescent
                  | scales. (AC +2) [potion of mutation]
 60937 | Depths:3 | Lost mutation: Your magical capacity is low. (-10% MP)
                  | [potion of mutation]
 60937 | Depths:3 | Gained mutation: You have large cloven feet. [potion of
                  | mutation]
 60937 | Depths:3 | Gained mutation: You have hoof-like feet. [potion of
                  | mutation]
 60937 | Depths:3 | Gained mutation: You are partially covered in iridescent
                  | scales. (AC +2) [potion of mutation]
 60941 | Depths:3 | Learned a level 2 spell: Blink
 61321 | Vaults:5 | Entered Level 5 of the Vaults
 61776 | Orc:2    | Bought a potion of might for 52 gold pieces
 61776 | Orc:2    | Bought 2 curare-tipped darts for 15 gold pieces
 61776 | Orc:2    | Bought a wand of iceblast (10) for 312 gold pieces
 61994 | Depths:1 | Bought a scroll of fear for 92 gold pieces
 61994 | Depths:1 | Bought a scroll of fear for 92 gold pieces
 61994 | Depths:1 | Bought a scroll of summoning for 218 gold pieces
 61994 | Depths:1 | Bought a scroll of magic mapping for 172 gold pieces
 62281 | Elf:3    | Bought a scroll of butterflies for 96 gold pieces
 62281 | Elf:3    | Bought a scroll of butterflies for 96 gold pieces
 62281 | Elf:3    | Bought a scroll of butterflies for 96 gold pieces
 62623 | D:15     | Killed Tugh's ghost
 62754 | D:15     | Quit the game

Illustrated notes

Levels and vault maps discovered:
D:1:      dpeg_arrival_three_same_balls, layout_rooms
D:2:      layout_loops_ring, dilly_ecumenical_altar_fadedgnrine, uniq_sigmund
D:3:      layout_loops_ring
D:4:      layout_basic, minmay_temple_entry_glassed_door,
          biasface_ghost_orc_armoury
D:5:      layout_loops_cross, elyvilon_altar_5, nicolae_ossuary_entry_catacombs
D:6:      layout_layer_cave, chequers_temple_overflow_statue_of_worship,
          hangedman_ru_absence, portal_sewer_entry_a, uniq_blork_the_orc
D:7:      layout_cave_pools, mainiacjoe_overflow_alcove_2,
          mainiacjoe_overflow_surrounded_room, old_standard_altar,
          serial_gnoll_camp, gnoll_camp_mini_basic, gnoll_camp_mini_loothouse,
          gnoll_camp_mini_doghouse, gnoll_camp_mini_hut,
          gnoll_camp_mini_doghouse, uniq_menkaure
D:8:      layout_loops_cross, grunt_ministairs_12, uniq_pikel
D:9:      layout_basic, tgw_sif, dpeg_oklobed_lair, serial_shops,
          kennysheep_mini, uniq_maggie
D:10:     layout_long_grid, mainiacjoe_overflow_chevrons, nrook_mini_backslash
D:11:     layout_irregular_city, david_orc_3, serial_shops,
          nicolae_take_the_stairs, serial_co_window_serial, co_window_paths_a,
          co_window_corner_a, co_window_paths_a, co_window_of_opportunity_a,
          co_window_of_opportunity_a, co_window_of_opportunity_b,
          co_window_corner_b, co_window_broadway_a, co_window_paths_c,
          co_window_broadway_b, glass_columns_a, glass_columns_c,
          glass_columns_a, glass_columns_a, glass_columns_b
D:12:     layout_roguey
D:13:     layout_rooms
D:14:     layout_loops_corners, lightli_vaults_fourway_checkpoint,
          fedhas_altar_fruit_tree, portal_ice_cave_entry_pillars_four,
          solitary_fountain, bh_circular_ruins, uniq_frances
D:15:     hangedman_depths_entry_civil_slaughter, layout_loops_ring,
          chequers_serial_rivers_large_a, gammafunk_ghost_necromancy,
          minmay_statue_crystal_thing
Temple:   minmay_temple_bridge_abc
Lair:1:   layout_loops_ring
Lair:2:   layout_long_grid, nicolae_swamp_entry_splash_gauntlet
Lair:3:   layout_loops_ring, grunt_megastairs_5
Lair:4:   layout_small_grid, spider_nest_entry_rubble,
          infiniplex_staircase_pool_2
Lair:5:   layout_regular_city, nicolae_slime_entry_slimehenge,
          gauntlet_entry_generic, columned_hall_lemuel, uniq_kirke
Lair:6:   hellmonk_lair_end_abyssal_woods, layout_loops_ring, lemuel_fruit_tree,
          grunt_megastairs_4, lemuel_fruit_fields, lemuel_fruit_fields,
          uniq_nessos, uniq_snorg
Swamp:1:  layout_basic_swamp, nicolae_swamp_dense_foliage, swamp_pool1,
          infiniplex_staircase_pool, uniq_donald, uniq_aizul, uniq_josephine
Swamp:2:  layout_basic_swamp, nicolae_swamp_decorative_isthmus
Swamp:3:  layout_falls_marsh, evilmike_swamp_ruin_house_2
Swamp:4:  swamp_old_school, layout_basic_swamp, swamp_pool2
Spider:1: layout_spider_delve, drop_trap, nicolae_spider_shape
Spider:2: layout_chambers, nicolae_spider_twisty_arc_passages, uniq_arachne,
          uniq_agnes
Spider:3: layout_spider_delve, hive_lemuel, uniq_louise
Spider:4: grunt_spider_rune_circles
Slime:1:  nicolae_slime_pool, layout_caves
Orc:1:    layout_diamond_mine, ebering_ghost_reflecting_pool, serial_shops,
          shop, mines1_david
Orc:2:    grunt_orc_cross, layout_caves, mines2_david, uniq_jorgrun,
          uniq_azrael, uniq_urug
Elf:1:    minmay_elf_arrival_plus, layout_loops_cross, serial_shops, shop,
          minmay_elf_annihilation, dreamdust_deal_with_the_devil,
          corexii_checkpoint_a, nicolae_concentric_dashed_squares_wild,
          minmay_checkered_concentric_circles
Elf:2:    elven_hall_of_blades_hangedman_original
          [nicolae_blade_entry_splitting_headache], layout_geoelf_grid,
          serial_shops, statue_bzr, nicolae_stop_n_shop_1,
          nicolae_stop_n_shop_2, lightli_enter_wizlab_magi_temple, uniq_nikola
Elf:3:    elf_hall_gauntlet_wide, layout_gridlike, serial_shops,
          nicolae_shop_stone, palyth_stone_intersect
Vaults:1: nicolae_vaults_network_periphery, nicolae_vaults_specimen_jars,
          v_misc_24, v_misc_27, v_misc_5, nicolae_vaults_good_morning_starshine,
          nicolae_vaults_alarming, nicolae_vaults_little_ls,
          ontoclasm_vaults_ligature, nicolae_vaults_gold_heap,
          ontoclasm_vaults_decontamination, hangedman_vaults_nails,
          layout_vaults_maze_snakey, serial_shops, shop
Vaults:2: hangedman_vaults_hat, minmay_crypt_entry_necro_gods,
          vaults_room_grunt_arrival_ludios, v_misc_5,
          nicolae_vaults_statue_guard, layout_vaults_omnigrid
Vaults:3: hangedman_vaults_corner, gammafunk_the_bubble
          [the_bubble_gammafunk_roulette], ontoclasm_vaults_gateway,
          grunt_vaults_hallway_short, vaults_dpeg_doors,
          nicolae_vaults_three_branches, vaults_standard_mumra_x, v_misc_16,
          vaults_room_door_hall, vaults_room_large_hall, v_misc_22,
          nicolae_vaults_angled_halls, nicolae_vaults_diagonal_hallway_7,
          layout_vaults_omnibox, uniq_xtahua
Vaults:4: portal_desolation_entry_nicolae_nacl, hangedman_vaults_restitches,
          ontoclasm_vaults_loading_screen, nicolae_vaults_ninety_degrees,
          nicolae_vaults_big_ls, vaults_room_pool, hangedman_vaults_nodes,
          vaults_mumra_hexcomb, hangedman_vaults_nails, nicolae_vaults_asterisk,
          vaults_dpeg_diagonal, st_hourglassy, vaults_room_ringed_pool,
          nicolae_vaults_little_squares_2, layout_vaults_big_cross
Vaults:5: serial_shops, uniq_jory
Depths:1: layout_basic, pf_hell_entry_tar_spiral, grunt_decor_arrowhead,
          tgw_lugonu_bribe, minmay_shop_star
Depths:2: grunt_profane_halls [grunt_profane_temple_tar,
          grunt_profane_temple_dis, grunt_profane_temple_geh,
          grunt_profane_temple_coc, grunt_profane_loot], hell_entry, pan_entry
Depths:3: minmay_bloctagon_deflated, layout_honeycomb, enter_ziggurat_c,
          nicolae_abyss_entry_one_way_or_another, grunt_hell_entry_dis_grunt,
          minmay_fountain_box, infiniplex_staircase_diamond
Depths:4: grunt_zot_entry_tricorne, layout_gridlike, hell_entry, pan_entry,
          serial_glass, glass_columns_a, glass_columns_c, glass_columns_a,
          glass_columns_a, glass_columns_a, glass_columns_c, uniq_parghit,
          uniq_mennas

Skill      XL: |  1  2  3  4  5  6  7  8  9 10 11 12 13 14 15 16 17 18 19 20 21 22 |
---------------+-------------------------------------------------------------------+-----
Fighting       | 1 2 3 4 6 7 8 10 11 12 13 14 15 16 | 16.4
Stealth        | 4 5 6 7 8 10 | 10.6
Shields        | 1 2 3 4 7 10 12 13 | 13.8
Spellcasting   | 3 4 5 6 7 8 11 | 11.2
Ice Magic      | 5 6 7 9 10 | 10.0
Conjurations   | 1 2 |  2.9
Dodging        | 5 6 8 10 12 13 | 13.8
Invocations    | 6 8 9 10 11 12 13 14 | 14.2
Axes           | 2 3 5 8 9 |  9.1
Necromancy     | 5 6 7 |  7.6
Armour         | 1 4 5 7 9 10 | 10.6
Evocations     | 3 4 5 8 9 10 | 10.0
Long Blades    | 6 10 12 | 12.0
Translocations | 2 9 12 | 12.0

Action                   |  1- 3 |  4- 6 |  7- 9 | 10-12 | 13-15 | 16-18 | 19-21 | 22-24 || total
-------------------------+-------+-------+-------+-------+-------+-------+-------+-------++-------
Melee: Unarmed           |     9 |    44 |    24 |       |       |       |       |       ||    77
       Dagger            |    67 |   119 |   332 |       |       |       |       |       ||   518
       Bite              |     4 |    16 |    31 |    28 |   108 |   171 |   391 |    78 ||   827
       Headbutt          |       |       |    44 |    63 |   210 |   295 |   663 |   120 ||  1395
       Trident           |       |       |    46 |       |       |       |       |       ||    46
       Morningstar       |       |       |     4 |   245 |    11 |       |       |       ||   260
       Broad axe         |       |       |       |    45 |   738 |       |       |       ||   783
       Katana            |       |       |       |       |   142 |  1199 |  2334 |   710 ||  4385
Throw: Dart              |       |       |     1 |     3 |     5 |       |     3 |     2 ||    14
       Throwing net      |       |       |       |       |     1 |     1 |     1 |       ||     3
 Cast: Freeze            |    38 |    51 |    58 |     1 |     3 |       |       |       ||   151
       Frozen Ramparts   |       |     5 |    22 |    34 |    45 |    17 |     2 |       ||   125
       Ozocubu's Armour  |       |     2 |    18 |    33 |    45 |    26 |       |       ||   124
       Hailstorm         |       |       |     1 |     4 |     5 |       |       |       ||    10
       Vampiric Draining |       |       |       |     3 |       |       |       |       ||     3
       Manifold Assault  |       |       |       |       |       |       |    11 |    98 ||   109
       Summon Guardian G |       |       |       |       |       |       |     1 |       ||     1
Invok: No ability        |       |       |    17 |     1 |       |       |       |       ||    18
       No ability        |       |       |       |    30 |    30 |       |       |       ||    60
       Recall Undead Har |       |       |       |     1 |    12 |    10 |    23 |     7 ||    53
       Drain Life        |       |       |       |     1 |     4 |     3 |     1 |       ||     9
       Bind Soul         |       |       |       |       |     2 |     1 |     3 |     3 ||     9
       Dark Bargain      |       |       |       |       |       |    20 |    25 |    11 ||    56
 Abil: Exsanguinate      |       |       |       |       |       |       |       |     1 ||     1
Evoke: Wand              |       |       |       |    10 |    35 |    17 |    33 |     7 ||   102
       Box of beasts     |       |       |       |       |     2 |     2 |     7 |     1 ||    12
       Lightning rod     |       |       |       |       |       |       |     4 |       ||     4
       Tin of tremorston |       |       |       |       |       |       |     2 |       ||     2
  Use: Scroll            |     4 |     5 |     8 |    14 |    21 |    10 |    12 |    11 ||    85
       Potion            |       |     5 |     2 |     2 |     3 |     7 |    11 |     9 ||    39
 Stab: Sleeping          |     2 |     9 |    11 |    20 |    23 |    26 |    14 |       ||   105
       Distracted        |       |       |     1 |     1 |    17 |    26 |    43 |    10 ||    98
       Invisible         |       |       |       |     1 |       |       |       |       ||     1
       Paralysed         |       |       |       |       |       |       |    10 |       ||    10
       Held in net/web   |       |       |       |       |       |       |     1 |       ||     1
Armor: Robe              |    22 |    25 |   143 |       |       |       |       |       ||   190
       Skin              |       |    68 |    11 |       |       |       |       |       ||    79
       Leather armour    |       |       |     5 |    28 |       |       |       |       ||    33
       Steam dragon scal |       |       |       |    32 |       |       |       |       ||    32
       Acid dragon scale |       |       |       |    95 |   587 |   555 |   494 |       ||  1731
       Ring mail         |       |       |       |     6 |       |       |   123 |   171 ||   300
       Chain mail        |       |       |       |       |       |       |   326 |       ||   326
Dodge: Dodged            |    59 |    81 |   170 |   241 |   662 |   531 |   852 |   195 ||  2791
Block: Buckler           |     4 |    33 |    80 |    81 |   321 |    17 |       |       ||   536
       Kite shield       |       |       |       |       |       |   606 |  1116 |   239 ||  1961

Table legend: (Time is in decaauts)
 A = Elapsed time spent in this place.
 B = Non-inter-level travel time spent in this place.
 C = Inter-level travel time spent in this place.
 D = Time resting spent in this place.
 E = Time spent auto-exploring this place.
 F = Levels seen in this place.
 G = Mean time per level.
                   A        B        C        D        E       F      G
               +--------+--------+--------+--------+--------+-----+--------+
         Total |  62302 |  53686 |   8616 |   9096 |  24857 |  50 | 1246.0 |
       Dungeon |  20525 |  16322 |   4203 |   1527 |   9821 |  15 | 1368.3 |
        Temple |    202 |    183 |     19 |      0 |    167 |   1 |  202.0 |
          Lair |   7493 |   6335 |   1158 |    754 |   3736 |   6 | 1248.8 |
         Swamp |   2474 |   2290 |    184 |    199 |   1239 |   4 |  618.5 |
   Spider Nest |   4867 |   4624 |    243 |    674 |   2449 |   4 | 1216.8 |
    Slime Pits |    249 |    249 |      0 |    123 |      0 |   1 |  249.0 |
  Orcish Mines |   3080 |   2267 |    813 |    190 |    889 |   2 | 1540.0 |
   Elven Halls |   5219 |   4699 |    520 |   1030 |   1440 |   3 | 1739.7 |
        Vaults |   6823 |   5935 |    888 |    568 |   3120 |   5 | 1364.6 |
        Depths |  10045 |   9462 |    583 |   3768 |   1659 |   4 | 2511.2 |
        Bazaar |     54 |     54 |      0 |      0 |     22 |   1 |   54.0 |
       Ossuary |    592 |    592 |      0 |    167 |     51 |   1 |  592.0 |
      Ice Cave |     83 |     83 |      0 |     76 |      0 |   1 |   83.0 |
        Wizlab |      4 |      4 |      0 |      0 |      0 |   1 |    4.0 |
      Gauntlet |    586 |    586 |      0 |     20 |    263 |   1 |  586.0 |
               +--------+--------+--------+--------+--------+-----+--------+

Top non-repeatable levels by time:
Depths:3: 3413 daAuts
Depths:2: 2930 daAuts
Depths:1: 2853 daAuts
    D:15: 2815 daAuts
    D:14: 2628 daAuts
   Orc:2: 2303 daAuts
Vaults:4: 2044 daAuts
Vaults:1: 1904 daAuts
   Elf:3: 1871 daAuts
   Elf:1: 1850 daAuts
     D:9: 1849 daAuts
  Lair:6: 1825 daAuts
    D:11: 1545 daAuts
   Elf:2: 1497 daAuts
Vaults:3: 1488 daAuts
